[Event "ICC tourney 1954 (60 10)"]
[Site "Internet Chess Club"]
[Date "2020.08.08"]
[Round "4"]
[White "aarush-narsina"]
[Black "jxfan1"]
[Result "0-1"]
[ICCResult "White resigns"]
[WhiteElo "856"]
[BlackElo "1225"]
[Opening "Ruy Lopez: 5.O-O"]
[ECO "C78"]
[NIC "RL.12"]
[Time "12:02:14"]
[TimeControl "3600+10"]

1. e4 e5 2. Nf3 Nc6 3. Bb5 a6 4. Ba4 Nf6 5. O-O b5 6. Bb3 Bc5 7. Re1 d6 8.
c3 O-O 9. d3 Bg4 10. Nbd2 Re8 11. Nf1 h6 12. Ng3 Qd7 13. h3 Bxh3 14. gxh3
Qxh3 15. Nh2 Qxg3+ 16. Kh1 Qh3 17. Be3 Bxe3 18. Rxe3 Qd7 19. Qg1 d5 20. Qg2
Kh8 21. Rg1 Rg8 22. Rg3 Nh5 23. Qh3 Nxg3+ 24. Rxg3 Qxh3 25. Rxh3 dxe4 26.
Bd5 exd3 27. Rxd3 e4 28. Bxe4 Ne5 29. Bxa8 Nxd3 30. Bd5 Rf8 31. Kg2 Nf4+ 32.
Kf3 {White resigns} 0-1

[Event "ICC tourney 1954 (60 10)"]
[Site "Internet Chess Club"]
[Date "2020.08.08"]
[Round "4"]
[White "sakethdesu"]
[Black "Diyor"]
[Result "0-1"]
[ICCResult "White checkmated"]
[WhiteElo "859"]
[BlackElo "1109"]
[Opening "Sicilian"]
[ECO "B50"]
[NIC "SI.01"]
[Time "12:02:03"]
[TimeControl "3600+10"]

1. e4 c5 2. Nf3 d6 3. Nc3 Nc6 4. Bb5 Bd7 5. d3 g6 6. O-O Bg7 7. Qd2 Nf6 8.
b3 O-O 9. Bb2 a6 10. Bxc6 Bxc6 11. Rfe1 Qc7 12. Rab1 Rfe8 13. e5 dxe5 14.
Nxe5 b6 15. Qf4 Qb7 16. Ne4 Bxe4 17. dxe4 Qc7 18. g4 Rf8 19. Re3 Nd7 20. Nd3
Qxf4 21. Nxf4 Bh6 22. Rf3 Bg7 23. Rd3 Nf6 24. Bxf6 Bxf6 25. Nd5 Rab8 26.
Nxf6+ exf6 27. Rd6 Kg7 28. f3 Rfd8 29. Rdd1 Re8 30. Kg2 Re5 31. Kh3 f5 32.
gxf5 gxf5 33. Rg1+ Kf6 34. Rgf1 Rg8 35. Rbd1 Ke7 36. Rde1 f4 37. c4 Rh5#
{White checkmated}
0-1

[Event "ICC tourney 1954 (60 10)"]
[Site "Internet Chess Club"]
[Date "2020.08.08"]
[Round "4"]
[White "Penguino26"]
[Black "ThatGuyZach1234"]
[Result "0-1"]
[ICCResult "White resigns"]
[WhiteElo "1157"]
[BlackElo "964"]
[Opening "Modern defense"]
[ECO "A40"]
[NIC "QO.17"]
[Time "12:02:57"]
[TimeControl "3600+10"]

1. d4 g6 2. Bf4 Bg7 3. Nf3 d6 4. e3 c5 5. c3 Qb6 6. Qc2 Nf6 7. Bd3 Nh5 8.
Bg3 Nxg3 9. hxg3 O-O 10. Nbd2 Nd7 11. Rc1 e5 12. d5 Nf6 13. e4 Qc7 14. a4
Ng4 15. Ke2 f5 16. Rh3 c4 17. Nxc4 fxe4 18. Bxe4 Qxc4+ 19. Bd3 Qxd5 20. b3
Qc6 21. Rch1 d5 22. Bxg6 hxg6 {White resigns} 0-1

[Event "ICC tourney 1954 (60 10)"]
[Site "Internet Chess Club"]
[Date "2020.08.08"]
[Round "4"]
[White "JCJ2018"]
[Black "Red-Pin"]
[Result "0-1"]
[ICCResult "White checkmated"]
[WhiteElo "993"]
[BlackElo "1393"]
[Opening "Sicilian"]
[ECO "B50"]
[NIC "SI.01"]
[Time "12:02:03"]
[TimeControl "3600+10"]

1. e4 c5 2. Nf3 d6 3. Nc3 Nc6 4. h3 Nf6 5. Bc4 g6 6. O-O Bg7 7. d3 O-O 8.
Be3 Na5 9. b3 Nxc4 10. bxc4 Ng4 11. hxg4 Bxc3 12. Bh6 Bxa1 13. Bxf8 Qxf8 14.
Qxa1 Bxg4 15. Nh2 Bd7 16. Rb1 b6 17. Rd1 Ba4 18. Rd2 Qg7 19. c3 b5 20. cxb5
Bxb5 21. Qb2 Bc6 22. f3 d5 23. exd5 Bxd5 24. c4 Qxb2 25. Rxb2 Bc6 26. Re2 e6
27. Ng4 Rc8 28. Nf6+ Kg7 29. Ne4 Bxe4 30. Rxe4 Kf8 31. Kf2 Ke7 32. Ke3 Rb8
33. Kf2 Rb2+ 34. Re2 Rxe2+ 35. Kxe2 Kd6 36. Ke3 f5 37. f4 e5 38. fxe5+ Kxe5
39. g3 g5 40. a4 f4+ 41. gxf4+ gxf4+ 42. Kf3 Kd4 43. Kxf4 Kxd3 44. Ke5 Kxc4
45. Kd6 Kb4 46. Kc6 a5 47. Kd5 c4 48. Kd4 Kb3 49. Kc5 c3 50. Kb5 c2 51. Kxa5
c1=Q 52. Kb6 Kb4 53. Ka6 Qc5 54. a5 h5 55. Kb7 Kxa5 56. Kb8 Ka6 57. Ka8 Qa7#
{White checkmated}
0-1

[Event "ICC tourney 1954 (60 10)"]
[Site "Internet Chess Club"]
[Date "2020.08.08"]
[Round "4"]
[White "glassviper"]
[Black "seaglass-chess"]
[Result "1-0"]
[ICCResult "Black resigns"]
[WhiteElo "1038"]
[BlackElo "1321"]
[Opening "Bird's opening"]
[ECO "A02"]
[NIC "VO.07"]
[Time "12:02:58"]
[TimeControl "3600+10"]

1. f4 e6 2. Nf3 d5 3. e3 c5 4. Be2 Nf6 5. O-O Be7 6. c3 O-O 7. d4 Qb6 8. Ne5
Nc6 9. Nd2 Ne4 10. Nxe4 dxe4 11. Bc4 f6 12. Ng4 f5 13. Ne5 Nxe5 14. fxe5 Qc7
15. b3 a6 16. a4 Qd8 17. g4 Bh4 18. gxf5 Qg5+ 19. Kh1 Rxf5 20. Bd2 Rf2 21.
Rxf2 Bxf2 22. Qe2 Bh4 23. Rg1 Qh6 24. Qg4 Bd7 25. Qxe4 Bc6 26. d5 Bd7 27.
Qg4 Rd8 28. e4 exd5 29. Bxd5+ Kh8 30. Bxh6 Bxg4 31. Rxg4 gxh6 32. Rxh4 Kg7
33. Rf4 b5 34. axb5 axb5 35. e6 b4 36. cxb4 cxb4 37. Rf7+ Kg6 38. e7 Re8 39.
Rf8 Rxe7 40. Rb8 Rc7 41. Rxb4 Kg5 42. Rc4 Ra7 43. Rc1 Kf4 44. Rb1 Ra6 45.
Kg2 Ke3 46. b4 Rg6+ 47. Kf1 Rf6+ 48. Ke1 Rg6 49. Kd1 Rg1+ 50. Kc2 Rg2+ 51.
Kc3 Rxh2 52. b5 Rh3 53. Kc4 Rh2 54. b6 Rc2+ 55. Kb5 Rc8 56. b7 Rb8 57. Rh1
h5 58. Rxh5 Kd4 59. Rxh7 Ke5 60. Rc7 Kd6 61. Rc8 {Black resigns} 1-0

[Event "ICC tourney 1954 (60 10)"]
[Site "Internet Chess Club"]
[Date "2020.08.08"]
[Round "4"]
[White "boxingguy2469x"]
[Black "Twinkletoesss"]
[Result "0-1"]
[ICCResult "White resigns"]
[WhiteElo "1083"]
[BlackElo "149"]
[Opening "Sicilian: Anderssen variation"]
[ECO "B41"]
[NIC "SI.41"]
[Time "12:02:13"]
[TimeControl "3600+10"]

1. e4 c5 2. Nf3 e6 3. d4 cxd4 4. Nxd4 Nf6 5. Nc3 Nc6 6. Bg5 Be7 7. Nxc6 bxc6
8. e5 Nd5 9. Bxe7 Qxe7 10. Nxd5 cxd5 11. Bb5 O-O 12. O-O Rb8 13. Qd3 Qb4 14.
a4 Rb6 15. c3 Qc5 16. b4 Qc7 17. a5 Rb8 18. Ba4 Qxe5 19. Rfe1 Qc7 20. Bc2 g6
21. Qd4 Bb7 22. Re3 f6 23. Rh3 Kg7 24. Qh4 Rh8 25. Re1 e5 26. Qh6+ Kf7 27.
Rf3 d4 28. Be4 Bxe4 29. Rxe4 dxc3 30. Qg5 Qd6 31. Rxe5 Qd1+ {White resigns}
0-1

[Event "ICC tourney 1954 (60 10)"]
[Site "Internet Chess Club"]
[Date "2020.08.08"]
[Round "4"]
[White "ayanloveschess"]
[Black "auggie29"]
[Result "0-1"]
[ICCResult "White resigns"]
[WhiteElo "707"]
[BlackElo "1052"]
[Opening "French defense"]
[ECO "C00"]
[NIC "FR.01"]
[Time "12:02:58"]
[TimeControl "3600+10"]

1. e4 e6 2. Nf3 d5 3. e5 c5 4. Bb5+ Nc6 5. Bxc6+ bxc6 6. d4 f6 7. exf6 Nxf6
8. Bg5 Be7 9. Nc3 O-O 10. Qd2 Nd7 11. dxc5 Nxc5 12. Qe3 Bxg5 13. Qxg5 Qxg5
14. Nxg5 h6 15. Nf3 Rb8 16. b3 Bd7 17. Ne5 Rf5 18. Nxd7 Nxd7 19. O-O e5 20.
f3 Rbf8 21. Ne2 R5f7 22. g3 Rf6 23. c4 Rxf3 24. Rxf3 Rxf3 25. cxd5 cxd5 26.
Kg2 e4 27. Rd1 Rf5 28. Nf4 Nf6 29. Kf2 g5 30. Ke3 gxf4+ 31. gxf4 Ng4+ 32.
Ke2 Kf7 33. h3 Nf6 34. Ke3 Ke6 35. Rd4 Nh5 36. Ra4 Nxf4 37. Ra6+ Ke5 38. Rg6
d4+ 39. Kd2 e3+ 40. Ke1 Nd3+ 41. Ke2 Nf4+ 42. Kd1 Nxg6 {White resigns} 0-1

[Event "ICC tourney 1954 (60 10)"]
[Site "Internet Chess Club"]
[Date "2020.08.08"]
[Round "4"]
[White "SoaringHawk24"]
[Black "Siritnt"]
[Result "1-0"]
[ICCResult "Black checkmated"]
[WhiteElo "1309"]
[BlackElo "927"]
[Opening "Sicilian: dragon, Yugoslav attack, 7...O-O"]
[ECO "B76"]
[NIC "SI.17"]
[Time "12:02:39"]
[TimeControl "3600+10"]

1. e4 c5 2. Nf3 d6 3. d4 cxd4 4. Nxd4 Nf6 5. Nc3 g6 6. Be3 Bg7 7. f3 O-O 8.
Qd2 a6 9. O-O-O b5 10. g4 Bb7 11. h4 Nc6 12. h5 Qd7 13. hxg6 fxg6 14. g5 Ne8
15. Bh3 Qc7 16. Be6+ Kh8 17. Qh2 h6 18. Nxc6 Qxc6 19. Bd4 h5 20. Qxh5+ gxh5
21. Rxh5# {Black checkmated} 1-0

[Event "ICC tourney 1954 (60 10)"]
[Site "Internet Chess Club"]
[Date "2020.08.08"]
[Round "4"]
[White "lerui"]
[Black "Outschoorn"]
[Result "1-0"]
[ICCResult "Black resigns"]
[WhiteElo "196"]
[BlackElo "1089"]
[Opening "Sicilian defense"]
[ECO "B30"]
[NIC "SI.31"]
[Time "12:02:23"]
[TimeControl "3600+10"]

1. e4 c5 2. Nf3 Nc6 3. Bc4 e6 4. O-O g6 5. d4 cxd4 6. Nxd4 Bg7 7. Nxc6 bxc6
8. Nc3 Ne7 9. Re1 O-O 10. Bf4 d5 11. exd5 cxd5 12. Bb3 Nf5 13. h3 Qb6 14.
Qd3 Ba6 15. Qd2 d4 16. Ne4 Bb7 17. Qd3 e5 18. Bg3 Ba6 19. Qd2 Bh6 20. Qd1
Nxg3 21. Nxg3 Bf4 22. Ne2 Bxe2 23. Qxe2 Rae8 24. Qd3 Qc6 25. Bc4 Rd8 26. g3
Bh6 27. Rxe5 Bg7 28. Ree1 Rd6 29. Bb3 Rf6 30. Qxd4 Qf3 31. Qe3 Qh5 32. Kh2
Re6 33. Bxe6 fxe6 34. Qxe6+ Kh8 35. Qg4 Qc5 36. Re2 Rxf2+ 37. Rxf2 Qxf2+ 38.
Kh1 Qxc2 39. Re1 Qc6+ 40. Qe4 Qxe4+ 41. Rxe4 Bxb2 42. Ra4 Bd4 43. Rxd4 a5
44. Ra4 h5 45. Rxa5 Kh7 46. Rc5 Kh6 47. a4 {Black resigns} 1-0

[Event "ICC tourney 1954 (60 10)"]
[Site "Internet Chess Club"]
[Date "2020.08.08"]
[Round "4"]
[White "Yadhunandan"]
[Black "KCchess"]
[Result "1-0"]
[ICCResult "Black checkmated"]
[WhiteElo "874"]
[BlackElo "470"]
[Opening "QGD: semi-Slav"]
[ECO "D31"]
[NIC "SL.06"]
[Time "12:03:17"]
[TimeControl "3600+10"]

1. d4 d5 2. c4 e6 3. Nc3 c6 4. cxd5 exd5 5. f3 Nf6 6. e4 Qe7 7. Qe2 a6 8.
Bg5 b5 9. e5 h6 10. exf6 Qxe2+ 11. Bxe2 hxg5 12. fxg7 Bxg7 13. O-O-O Bf5 14.
Re1 O-O 15. g4 Bg6 16. Bd1 Bxd4 17. Bc2 Nd7 18. Bxg6 fxg6 19. Re6 Ne5 20.
Nge2 Be3+ 21. Kc2 d4 22. Rxe5 dxc3 23. Nxc3 Bd4 24. Rxg5 Bxc3 25. bxc3 Rxf3
26. Rxg6+ Kh7 27. Rxc6 Rg8 28. h3 Rg6 29. Rxg6 Kxg6 30. Kb3 a5 31. h4 b4 32.
h5+ Kh6 33. g5+ Kxg5 34. h6 Rxc3+ 35. Kb2 Ra3 36. h7 Kg4 37. h8=Q Rf3 38.
Qh4+ Kf5 39. Qh5+ Ke4 40. Rh4+ Rf4 41. Rxf4+ Kxf4 42. Qxa5 b3 43. axb3 Ke4
44. b4 Kd4 45. b5 Kc4 46. b6 Kd3 47. b7 Kd4 48. b8=Q Kc4 49. Qbb4+ Kd3 50.
Qaa3+ Ke2 51. Qac3 Kd1 52. Qd2# {Black checkmated} 1-0

[Event "ICC tourney 1954 (60 10)"]
[Site "Internet Chess Club"]
[Date "2020.08.08"]
[Round "4"]
[White "AnandVinod"]
[Black "kushagra12"]
[Result "1-0"]
[ICCResult "Black resigns"]
[WhiteElo "1308"]
[BlackElo "809"]
[Opening "Sicilian: Pelikan (Lasker/Sveshnikov) variation"]
[ECO "B33"]
[NIC "SI.35"]
[Time "12:02:17"]
[TimeControl "3600+10"]

1. e4 c5 2. Nf3 Nc6 3. d4 cxd4 4. Nxd4 Nf6 5. Nc3 e5 6. Nxc6 bxc6 7. Bc4 Bb4
8. Bg5 Qa5 9. O-O Bxc3 10. bxc3 Nxe4 11. Bd2 Qc5 12. Bb3 Nxc3 13. Bxf7+ Kxf7
14. Qf3+ Ke8 15. Bxc3 Qe7 16. Bxe5 Rf8 17. Qc3 Rf7 18. Bxg7 Qg5 19. Rfe1+
Re7 20. Rxe7+ Kxe7 21. Re1+ Kf7 22. Re3 d5 23. h4 Qg6 24. Rf3+ Bf5 25. Qe5
Kg8 26. Rxf5 Re8 27. Qxe8+ Qxe8 28. Rf8+ Qxf8 29. Bxf8 Kxf8 30. f4 Ke7 31.
Kf2 Ke6 32. Ke3 Kf5 33. Kf3 h5 34. c3 a5 35. a4 c5 36. Ke3 Kg4 37. g3 Kxg3
38. f5 d4+ {Black resigns} 1-0

[Event "ICC tourney 1954 (60 10)"]
[Site "Internet Chess Club"]
[Date "2020.08.08"]
[Round "4"]
[White "Alec-hine"]
[Black "layla0422"]
[Result "1-0"]
[ICCResult "Black checkmated"]
[WhiteElo "1395"]
[BlackElo "1142"]
[Opening "QGD Slav: 3.Nf3"]
[ECO "D11"]
[NIC "SL.01"]
[Time "12:02:11"]
[TimeControl "3600+10"]

1. d4 d5 2. c4 c6 3. Nf3 Bf5 4. cxd5 cxd5 5. Qb3 e6 6. Qxb7 Nd7 7. Nc3 Ngf6
8. Bf4 Be7 9. e3 O-O 10. Be2 Ne4 11. Nxe4 Bxe4 12. O-O h6 13. Rfc1 Nf6 14.
Ne5 Re8 15. Nc6 Qd7 16. Qxd7 Nxd7 17. Nxe7+ Rxe7 18. Rc7 Rd8 19. Bb5 Kf8 20.
Bd6 Ke8 21. Rac1 f6 22. Bxe7 Kxe7 23. Rxa7 e5 24. Rcc7 Bf5 25. a4 exd4 26.
exd4 Kd6 27. Bxd7 Bxd7 28. Rxd7+ Rxd7 29. Rxd7+ Kxd7 30. f3 Kc6 31. b4 Kd6
32. Kf2 Ke6 33. Ke3 g5 34. b5 Kd6 35. a5 Kc7 36. f4 g4 37. f5 h5 38. Kf4 Kd6
39. h3 gxh3 40. gxh3 Kc7 41. Kg3 Kd7 42. Kh4 Ke7 43. Kxh5 Kf7 44. b6 Ke7 45.
b7 Kd7 46. b8=Q Kc6 47. Qb6+ Kd7 48. a6 Kc8 49. Qb7+ Kd8 50. a7 Ke8 51.
a8=Q# {Black checkmated} 1-0

[Event "ICC tourney 1954 (60 10)"]
[Site "Internet Chess Club"]
[Date "2020.08.08"]
[Round "4"]
[White "suhavit"]
[Black "lukebugbee"]
[Result "1/2-1/2"]
[ICCResult "Game drawn by repetition"]
[WhiteElo "1093"]
[BlackElo "899"]
[Opening "Sicilian: Canal-Sokolsky attack, 3...Bd7"]
[ECO "B52"]
[NIC "SI.01"]
[Time "12:02:36"]
[TimeControl "3600+10"]

1. e4 c5 2. Nf3 d6 3. Bb5+ Bd7 4. Bxd7+ Nxd7 5. Nc3 e6 6. d3 Ngf6 7. O-O Be7
8. Bd2 a6 9. h3 O-O 10. a3 Qe8 11. Bf4 Nh5 12. Bg3 Nxg3 13. fxg3 f6 14. Kh2
Qg6 15. Nh4 Qh6 16. Qg4 f5 17. exf5 Bxh4 18. Qxh4 Qxh4 19. gxh4 exf5 20. Nd5
Rf7 21. Rae1 g6 22. Re6 b5 23. Rxd6 Re8 24. Rxa6 Re2 25. Rc1 f4 26. Nc3 Rd2
27. Ne4 Re2 28. Ng5 Rf5 29. Nf3 Ne5 30. Nxe5 Rexe5 31. c4 bxc4 32. dxc4 Re2
33. Kg1 g5 34. Rf1 Rxb2 35. a4 gxh4 36. Ra8+ Kf7 37. Rf2 Rb4 38. a5 Rxc4 39.
a6 Rc1+ 40. Kh2 Re5 41. Rxf4+ Kg6 42. Rf2 Ree1 43. g3 Rh1+ 44. Kg2 Rhg1+ 45.
Kf3 Rc3+ 46. Ke2 hxg3 47. Rg8+ Kh5 48. Rf5+ Kh4 49. a7 Rg2+ 50. Kd1 Rb3 51.
Kc1 Rc3+ 52. Kb1 Rb3+ 53. Kc1 Rc3+ 54. Kb1 Rb3+ 55. Kc1
{Game drawn by repetition}
1/2-1/2

[Event "ICC tourney 1954 (60 10)"]
[Site "Internet Chess Club"]
[Date "2020.08.08"]
[Round "4"]
[White "yashvi"]
[Black "EW2006"]
[Result "0-1"]
[ICCResult "White forfeits on time"]
[WhiteElo "1214"]
[BlackElo "1066"]
[Opening "English: four knights, kingside fianchetto"]
[ECO "A29"]
[NIC "EO.01"]
[Time "12:02:12"]
[TimeControl "3600+10"]

1. c4 e5 2. Nc3 Nf6 3. Nf3 Nc6 4. g3 Bb4 5. Bg2 O-O 6. O-O d6 7. d4 Nxd4 8.
Nxd4 exd4 9. Qxd4 Re8 10. Be3 Bc5 11. Qd3 Bxe3 12. fxe3 c6 13. Ne4 Nxe4 14.
Bxe4 g6 15. Rad1 Qa5 16. Qxd6 Rxe4 17. c5 Bh3 18. Rf2 Qxa2 19. Qf6 Rf8 20.
Qf3 Qa4 21. Rc1 Qb4 22. Rb1 f5 23. Kh1 Qxc5 24. Rg1 Rxe3 25. Qf4 Qd5+ 26.
Rf3 Rxe2 27. b3 Rf2 {White forfeits on time} 0-1

[Event "ICC tourney 1954 (60 10)"]
[Site "Internet Chess Club"]
[Date "2020.08.08"]
[Round "4"]
[White "EdwardTarte"]
[Black "Aidenmaps"]
[Result "1-0"]
[ICCResult "Black checkmated"]
[WhiteElo "1194"]
[BlackElo "929"]
[Opening "Benko's opening"]
[ECO "A00"]
[NIC "VO.09"]
[Time "12:02:17"]
[TimeControl "3600+10"]

1. g3 e5 2. Bg2 d5 3. b3 Nc6 4. Bb2 Bf5 5. d3 Nf6 6. Nd2 Bg6 7. e3 Bc5 8.
Ne2 Bb6 9. O-O Qd7 10. Nf3 Qe6 11. a3 O-O-O 12. Qc1 Bf5 13. b4 Bh3 14. b5
Bxg2 15. Kxg2 e4 16. Ng5 Qg4 17. Bxf6 gxf6 18. Nxf7 Qf3+ 19. Kg1 Qxe2 20.
bxc6 h5 21. cxb7+ Kxb7 22. Nxd8+ Rxd8 23. Qd1 Qf3 24. Qxf3 exf3 25. Rab1 Kc8
26. Rb3 c5 27. Ra1 Bc7 28. Rab1 h4 29. Rb7 hxg3 30. fxg3 Rg8 31. Rxa7 Kd7
32. Rbb7 Rc8 33. Kf2 Kc6 34. Kxf3 Bb6 35. Rxb6+ Kxb6 36. Rf7 Rh8 37. Rxf6+
Kb5 38. h4 c4 39. d4 Ka4 40. Rd6 Kxa3 41. Rb6 Ra8 42. g4 Ka2 43. g5 Ka1 44.
h5 Ra2 45. g6 Rxc2 46. g7 c3 47. g8=Q Ra2 48. Qg1# {Black checkmated} 1-0

[Event "ICC tourney 1954 (60 10)"]
[Site "Internet Chess Club"]
[Date "2020.08.08"]
[Round "4"]
[White "thegoldenfrog"]
[Black "Knighthhhh"]
[Result "1-0"]
[ICCResult "Black checkmated"]
[WhiteElo "1277"]
[BlackElo "639"]
[Opening "French: Tarrasch, open variation"]
[ECO "C07"]
[NIC "FR.18"]
[Time "12:02:58"]
[TimeControl "3600+10"]

1. e4 e6 2. d4 d5 3. Nd2 c5 4. c3 Nc6 5. Ngf3 Qb6 6. Nb3 Nge7 7. e5 Nf5 8.
Be2 Be7 9. O-O O-O 10. g4 Nh4 11. Nxh4 Bxh4 12. Nxc5 Be7 13. b4 a5 14. Na4
Qc7 15. b5 Na7 16. b6 Qc6 17. bxa7 b5 18. Nc5 Bxc5 19. dxc5 Qxc5 20. Qd4
Qxd4 21. cxd4 b4 22. a3 b3 23. Rb1 a4 24. Bd2 Rxa7 25. Bb4 Rd8 26. Rfc1 Ba6
27. Bxa6 Rxa6 28. f4 Ra7 29. Rc6 Rb7 30. Kf2 Ra7 31. Ke3 h6 32. h4 Kh7 33.
h5 g6 34. hxg6+ Kxg6 35. Kf3 h5 36. f5+ Kg5 37. Bd2+ Kh4 38. Rh1#
{Black checkmated}
1-0

[Event "ICC tourney 1954 (60 10)"]
[Site "Internet Chess Club"]
[Date "2020.08.08"]
[Round "4"]
[White "edikiscool"]
[Black "Saturn015"]
[Result "0-1"]
[ICCResult "White resigns"]
[WhiteElo "920"]
[BlackElo "1345"]
[Opening "Owen defense"]
[ECO "B00"]
[NIC "VO.01"]
[Time "12:02:57"]
[TimeControl "3600+10"]

1. e4 b6 2. Nf3 Bb7 3. Nc3 e6 4. d4 Bb4 5. Bd3 Nf6 6. Qe2 d5 7. e5 Ne4 8.
Bxe4 dxe4 9. Qb5+ Nc6 10. d5 Qxd5 11. Qxd5 exd5 12. Ng5 h6 13. Nh3 d4 14. a3
dxc3 15. axb4 cxb2 16. Bxb2 Nxb4 17. O-O-O Rd8 18. Ba3 c5 19. Rhe1 O-O 20.
Re2 Na2+ {White resigns} 0-1

[Event "ICC tourney 1954 (60 10)"]
[Site "Internet Chess Club"]
[Date "2020.08.08"]
[Round "4"]
[White "WizardY"]
[Black "NikkiBat"]
[Result "1-0"]
[ICCResult "Black checkmated"]
[WhiteElo "941"]
[BlackElo "1271"]
[Opening "Sicilian defense"]
[ECO "B44"]
[NIC "SI.39"]
[Time "12:02:55"]
[TimeControl "3600+10"]

1. e4 c5 2. Nf3 e6 3. d4 cxd4 4. Nxd4 Nc6 5. Be3 d6 6. Nc3 a6 7. Bc4 Bd7 8.
Qd2 Nf6 9. f3 Be7 10. O-O-O Qc7 11. Bb3 b5 12. a3 Rb8 13. h3 Ne5 14. f4 Nc4
15. Bxc4 bxc4 16. e5 Qb7 17. b4 dxe5 18. fxe5 Nd5 19. Nxd5 exd5 20. Qc3 a5
21. bxa5 Qc7 22. Nf3 Ra8 23. Bb6 Qc6 24. Kb2 Rb8 25. Ka2 O-O 26. h4 Bc5 27.
Bxc5 Qxc5 28. Rb1 Rxb1 29. Rxb1 Ra8 30. Qb4 Qxb4 31. axb4 h6 32. Kb2 Bb5 33.
Rd1 Rd8 34. Kc3 Kh7 35. Kd4 Kg6 36. Kc5 Ba4 37. Rxd5 Rxd5+ 38. Kxd5 Bxc2 39.
Kxc4 Be4 40. b5 Kf5 41. a6 Ke6 42. Kc5 Kd7 43. b6 Kc8 44. Kd6 Kb8 45. Ke7
Bd5 46. Nd4 Bxg2 47. Kxf7 Bf1 48. Nc6+ Kc8 49. b7+ Kc7 50. b8=Q+ Kxc6 51. a7
Kc5 52. a8=Q Kc4 53. Qc6+ Kd4 54. Qbd6+ Ke3 55. Qc3+ Kf4 56. e6+ Kf5 57.
Qf3# {Black checkmated} 1-0

[Event "ICC tourney 1954 (60 10)"]
[Site "Internet Chess Club"]
[Date "2020.08.08"]
[Round "4"]
[White "OldManReid"]
[Black "che108642"]
[Result "0-1"]
[ICCResult "White checkmated"]
[WhiteElo "1136"]
[BlackElo "1404"]
[Opening "Grob's attack"]
[ECO "A00"]
[NIC "VO.11"]
[Time "12:02:58"]
[TimeControl "3600+10"]

1. g4 c5 2. Bg2 d5 3. c4 e6 4. cxd5 exd5 5. Nc3 d4 6. Nd5 Nf6 7. Nxf6+ Qxf6
8. Qb3 Nc6 9. d3 Be7 10. Nf3 O-O 11. g5 Qd6 12. h4 Be6 13. Qd1 c4 14. a3 Ne5
15. Bf4 Nxf3+ 16. Bxf3 Qxf4 17. Qd2 Qxd2+ 18. Kxd2 Rab8 19. dxc4 Bxc4 20.
Rhd1 Rfd8 21. Ke1 d3 22. exd3 Bxd3 23. Be2 Bxe2 24. Kxe2 Bc5 25. b4 Bb6 26.
a4 a6 27. Rxd8+ Rxd8 28. Rc1 g6 29. a5 Ba7 30. Rc7 Rb8 31. f4 Bd4 32. Kf3 b6
33. Rc6 bxa5 34. bxa5 Ra8 35. Kg4 Be3 36. Rc2 Rb8 37. Rc4 Rb5 38. Rc8+ Kg7
39. Re8 Bd2 40. Ra8 Rxa5 41. Rd8 Ra2 42. f5 gxf5+ 43. Kxf5 Bc1 44. Rc8 Ra5+
45. Kg4 Ba3 46. h5 h6 47. gxh6+ Kxh6 48. Rc6+ Kh7 49. Rc7 Kg7 50. h6+ Kxh6
51. Rxf7 Rg5+ 52. Kf4 a5 53. Ke4 Bb4 54. Kd4 Kg6 55. Rc7 Kf6 56. Kc4 Ke6 57.
Rc6+ Kd7 58. Rb6 Kc7 59. Ra6 Kb7 60. Re6 Rc5+ 61. Kb3 Rc3+ 62. Ka4 Rc6 63.
Re8 Kb6 64. Rb8+ Kc5 65. Rd8 Kc4 66. Rc8 Kc5 67. Rb8 Kd5 68. Rd8+ Rd6 69.
Rc8 Kd4 70. Rc4+ Kd3 71. Rg4 Rd4 72. Rg2 Bd2+ 73. Kb5 a4 74. Rg3+ Be3 75.
Rg2 a3 76. Kc6 Ra4 77. Ra2 Bc1 78. Kd5 Kc3 79. Rg2 a2 80. Rxa2 Rxa2 81. Kc5
Ra5+ 82. Kb6 Rh5 83. Kc6 Kc4 84. Kd6 Bb2 85. Ke6 Ra5 86. Kf7 Kd5 87. Kg6 Ke5
88. Kg5 Ra8 89. Kg4 Rf8 90. Kg5 Rg8+ 91. Kh6 Kf5 92. Kh7 Rg1 93. Kh6 Bc1+
94. Kh7 Kf6 95. Kh8 Kf7 96. Kh7 Rh1# {White checkmated} 0-1

[Event "ICC tourney 1954 (60 10)"]
[Site "Internet Chess Club"]
[Date "2020.08.08"]
[Round "4"]
[White "ryan-simshauser"]
[Black "karmapillai"]
[Result "0-1"]
[ICCResult "White checkmated"]
[WhiteElo "823"]
[BlackElo "1095"]
[Opening "QGD: exchange, positional line"]
[ECO "D35"]
[NIC "QO.16"]
[Time "12:02:34"]
[TimeControl "3600+10"]

1. d4 d5 2. c4 e6 3. Nc3 Nf6 4. cxd5 exd5 5. Bg5 Be7 6. Nf3 O-O 7. e3 Nc6 8.
Bd3 h6 9. Bf4 Bg4 10. h3 Bh5 11. O-O Qd7 12. Be2 Bg6 13. Ne5 Nxe5 14. Bxe5
Rfe8 15. Bf3 c6 16. Re1 Rac8 17. Rc1 Qe6 18. Bxf6 Bxf6 19. Bg4 Bf5 20. e4
Bxg4 21. Qxg4 Qxg4 22. hxg4 dxe4 23. Nxe4 Bxd4 24. Nd6 Rxe1+ 25. Rxe1 Rc7
26. b3 Rd7 27. Nf5 Kh7 28. Kf1 Bc5 29. g3 Rd2 30. Re2 Rd1+ 31. Kg2 Rd7 32.
Re1 Rd2 33. Ne3 Rxa2 34. Kf3 Rb2 35. Nd1 Rxb3+ 36. Ke4 Rb4+ 37. Kf5 Rb1 38.
Rh1 Kg8 39. f4 a5 40. g5 hxg5 41. Kxg5 a4 42. Re1 a3 43. Re8+ Bf8 44. Nc3
Rc1 45. Na2 Rc2 46. Nb4 Rb2 47. Nd3 Rb3 48. Nc5 Rxg3+ 49. Kh4 a2 50. Nd7
a1=Q 51. Rxf8+ Kh7 52. Kxg3 Qc3+ 53. Kg4 Qb3 54. Ne5 Qe6+ 55. Kg3 f6 56. Nf7
Qe3+ 57. Kg4 Qg1+ 58. Kf3 Qd1+ 59. Kg3 Qd3+ 60. Kg4 Qd7+ 61. Kg3 g6 62. Rh8+
Kg7 63. f5 Qxf7 64. fxg6 Qxg6+ 65. Kh4 Kxh8 66. Kh3 f5 67. Kh2 f4 68. Kh3 f3
69. Kh2 f2 70. Kh3 f1=Q+ 71. Kh2 Qfg1+ 72. Kh3 Qh1# {White checkmated} 0-1

[Event "ICC tourney 1954 (60 10)"]
[Site "Internet Chess Club"]
[Date "2020.08.08"]
[Round "4"]
[White "haarim"]
[Black "worldcupgirl"]
[Result "1/2-1/2"]
[ICCResult "Game drawn by repetition"]
[WhiteElo "1180"]
[BlackElo "1369"]
[Opening "Sicilian: Kan, 5.Nc3"]
[ECO "B43"]
[NIC "SI.41"]
[Time "12:02:32"]
[TimeControl "3600+10"]

1. e4 c5 2. Nf3 e6 3. d4 cxd4 4. Nxd4 a6 5. Nc3 b5 6. Be3 Bb7 7. a3 d6 8.
Bd3 Nf6 9. O-O Be7 10. h3 O-O 11. Qd2 Nbd7 12. f3 Ne5 13. Kh1 Nxd3 14. cxd3
Rc8 15. f4 Rc7 16. f5 e5 17. Nde2 Qa8 18. Kh2 Rfc8 19. g4 d5 20. g5 d4 21.
gxf6 dxe3 22. Qxe3 Bxf6 23. Rg1 Rd7 24. Ng3 Bd8 25. Nh5 f6 26. Qh6 Rcc7 27.
Nxf6+ Bxf6 28. Qxf6 Qe8 29. Rad1 a5 30. Qg5 b4 31. axb4 axb4 32. Nb1 Rc2+
33. Rd2 Rxd2+ 34. Nxd2 Qf7 35. f6 g6 36. Qxe5 Rxd3 37. Qb8+ Qf8 38. f7+ Kg7
39. Qe5+ Kh6 40. Qg5+ Kg7 41. Qe5+ Kh6 42. Qf4+ Kg7 43. Rf1 Bc8 44. Qf6+ Kh6
45. Qh4+ Kg7 46. Qf6+ Kh6 47. Qh4+ Kg7 48. Qf6+ Kh6 49. Qh4+ Kg7 50. Qf6+
Kh6 51. Qh4+ Kg7 52. Qf6+ Kh6 53. Qh4+ Kg7 54. Qf6+ Kh6 55. Qh4+ Kg7 56.
Qf6+ Kh6 57. Qh4+ Kg7 58. Qf6+ Kh6 59. Qh4+ Kg7 60. Qf6+
{Game drawn by repetition}
1/2-1/2

[Event "ICC tourney 1954 (60 10)"]
[Site "Internet Chess Club"]
[Date "2020.08.08"]
[Round "4"]
[White "Jaguarking"]
[Black "Vidipkona"]
[Result "0-1"]
[ICCResult "White resigns"]
[WhiteElo "1106"]
[BlackElo "1264"]
[Opening "Sicilian: Canal-Sokolsky attack, 3...Bd7"]
[ECO "B52"]
[NIC "SI.01"]
[Time "12:02:46"]
[TimeControl "3600+10"]

1. e4 c5 2. Nf3 d6 3. Bb5+ Bd7 4. Bxd7+ Nxd7 5. O-O Ngf6 6. Nc3 e6 7. d4
cxd4 8. Nxd4 Be7 9. Re1 O-O 10. Nf3 Rc8 11. Bg5 Nb6 12. Re2 Nc4 13. Rb1 b6
14. Nd2 Nxb2 15. Rxb2 Rxc3 16. Nf1 Rc8 17. f3 Nd7 18. Bxe7 Qxe7 19. Rd2 Rc6
20. Rb3 Nf6 21. Rbd3 d5 22. exd5 Nxd5 23. Ne3 Qc5 24. Qe1 Rfc8 25. Kf1 Nxe3+
26. Rxe3 Rd6 27. Qd1 Qc4+ 28. Red3 h6 29. Kg1 Rxd3 30. cxd3 Qd4+ 31. Kf1 Rd8
32. Qc1 Qd7 33. d4 Rc8 34. Qd1 Qd5 35. Qb3 Qxb3 36. axb3 Rc3 37. Ra2 a5 38.
Rb2 Rd3 39. Ke2 Rxd4 40. Rd2 Rxd2+ 41. Kxd2 Kf8 42. Kc3 Ke7 43. Kc4 Kd6 44.
Kb5 Kc7 45. h3 f5 46. f4 Kb7 47. h4 h5 48. g3 g6 49. Kc4 Kc6 50. Kd4 b5 51.
Kc3 Kd5 52. Kd3 a4 53. bxa4 bxa4 54. Kc3 Ke4 55. Kb4 Kf3 56. Kxa4 Kxg3 57.
Kb5 Kxf4 58. Kc6 e5 {White resigns} 0-1